| TOP OF THE 1ST |
|
Boston (APP) Red Sox batting - Pitching for Greeneville Astros : LHP Guadalupe Gonzalez
|
|
Pitching: LHP Guadalupe Gonzalez
|
|
|
Batting: RHB Kirk Cully
|
0-0: Called Strike 0-1: Ball 1-1: Called Strike 1-2: Ground out 4-3 (Groundball, 4M, EV 83.1 MPH)
|
|
Batting: LHB Kien-lung Zou
|
0-0: Ball 1-0: Ground out 6-3 (Groundball, 56D, EV 104.4 MPH)
|
|
Batting: RHB Josh Smith
|
0-0: Called Strike 0-1: Swinging Strike 0-2: Strikes out swinging
|
| Top of the 1st over - 0 runs, 0 hits, 0 errors, 0 left on base; Boston (APP) 0 - Greeneville 0 |
| BOTTOM OF THE 1ST |
|
Greeneville Astros batting - Pitching for Boston (APP) Red Sox : LHP Tara Kawashima
|
|
Pitching: LHP Tara Kawashima
|
|
|
Batting: LHB Lou Toth
|
0-0: Foul Ball, location: 2F 0-1: Called Strike 0-2: Foul Ball, location: 2F 0-2: Strikes out looking
|
|
Batting: RHB John Moore
|
0-0: Called Strike 0-1: SINGLE (Line Drive, 4D, EV 100.6 MPH)
|
|
Batting: RHB Juan Mendoza
|
0-0: Ball 1-0: Called Strike 1-1: Ball John Moore is caught stealing 2nd base 2-4 2-1: Called Strike 2-2: Ball 3-2: Foul Ball, location: 2F 3-2: Strikes out looking
|
| Bottom of the 1st over - 0 runs, 1 hit, 0 errors, 0 left on base; Boston (APP) 0 - Greeneville 0 |
| TOP OF THE 2ND |
|
Boston (APP) Red Sox batting - Pitching for Greeneville Astros : LHP Guadalupe Gonzalez
|
|
Batting: RHB Joe Booth
|
0-0: Called Strike 0-1: SOLO HOME RUN (Flyball, 7LD, EV 94.4 MPH), Distance : 346 ft
|
|
Batting: RHB Bakhtiar Asadov
|
0-0: Ball 1-0: Called Strike 1-1: Fly out, F7 (Flyball, 7LM, EV 86.9 MPH)
|
|
Batting: RHB Felix Rangel
|
0-0: Ball 1-0: Foul Ball, location: 2F 1-1: Swinging Strike 1-2: Ground out 4-3 (Groundball, 4, EV 106.9 MPH)
|
|
Batting: SHB Matsudaira Ikeda
|
0-0: Ball 1-0: Ball 2-0: Foul Ball, location: 2F 2-1: Ball 3-1: Ground out U3 (Groundball, 3, EV 92.5 MPH)
|
| Top of the 2nd over - 1 run, 1 hit, 0 errors, 0 left on base; Boston (APP) 1 - Greeneville 0 |
| BOTTOM OF THE 2ND |
|
Greeneville Astros batting - Pitching for Boston (APP) Red Sox : LHP Tara Kawashima
|
|
Batting: RHB Jason Monico
|
0-0: SINGLE (Flyball, 4D, EV 98.8 MPH)
|
|
Batting: RHB Roger Pelley
|
0-0: Called Strike 0-1: Foul Ball, location: 2F 0-2: Hit by Pitch Jason Monico to second
|
|
Batting: SHB Terciero Ortiz
|
0-0: Called Strike 0-1: Foul Ball, location: 2F 0-2: Strikes out swinging
|
|
Batting: RHB Josh Reisner
|
0-0: Called Strike 0-1: Ball 1-1: Swinging Strike 1-2: Strikes out looking
|
|
Batting: LHB Guadalupe Gonzalez
|
0-0: Called Strike 0-1: DOUBLE (Flyball, 78D, EV 91.9 MPH) Jason Monico scores Roger Pelley to third
|
|
Batting: RHB Domingas Saragoa
|
0-0: Foul Ball, location: 2F 0-1: Ball Wild Pitch! Roger Pelley scores Guadalupe Gonzalez to third 1-1: Swinging Strike 1-2: Foul Ball, location: 2F 1-2: Strikes out swinging
|
| Bottom of the 2nd over - 2 runs, 2 hits, 0 errors, 1 left on base; Boston (APP) 1 - Greeneville 2 |
| TOP OF THE 3RD |
|
Boston (APP) Red Sox batting - Pitching for Greeneville Astros : LHP Guadalupe Gonzalez
|
|
Batting: RHB Eric Kent
|
0-0: Swinging Strike 0-1: Ball 1-1: Ball 2-1: Foul Ball, location: 2F 2-2: Ball 3-2: Strikes out swinging
|
|
Batting: RHB Estevan Carrillo
|
0-0: Ball 1-0: Called Strike 1-1: Swinging Strike 1-2: Ball 2-2: Strikes out swinging
|
|
Batting: RHB Kirk Cully
|
0-0: Foul Ball, location: 2F 0-1: Ball 1-1: Ball 2-1: Ball 3-1: Base on Balls
|
|
Batting: LHB Kien-lung Zou
|
0-0: Ball 1-0: Ball 2-0: Swinging Strike 2-1: Swinging Strike 2-2: Strikes out looking
|
| Top of the 3rd over - 0 runs, 0 hits, 0 errors, 1 left on base; Boston (APP) 1 - Greeneville 2 |
| BOTTOM OF THE 3RD |
|
Greeneville Astros batting - Pitching for Boston (APP) Red Sox : LHP Tara Kawashima
|
|
Batting: LHB Lou Toth
|
0-0: Ball 1-0: Called Strike 1-1: Ball 2-1: Ball 3-1: Base on Balls
|
|
Batting: RHB John Moore
|
0-0: Called Strike 0-1: Fielders Choice at 2nd, 6-4 (Groundball, 6, EV 105.6 MPH)
|
|
Batting: RHB Juan Mendoza
|
0-0: Ball 1-0: Ball 2-0: Ball 3-0: Called Strike 3-1: Foul Ball, location: 2F 3-2: Base on Balls John Moore to second
|
|
Batting: RHB Jason Monico
|
0-0: Called Strike 0-1: Called Strike 0-2: Ball 1-2: Ball 2-2: SINGLE (Groundball, 34D, EV 110.6 MPH) John Moore to third Juan Mendoza to second
|
|
Batting: RHB Roger Pelley
|
0-0: Ball 1-0: Called Strike 1-1: Foul Ball, location: 2F 1-2: Foul Ball, location: 2F 1-2: Strikes out looking
|
|
Batting: SHB Terciero Ortiz
|
0-0: Swinging Strike 0-1: Fly out, F8 (Line Drive, 78D, EV 95.0 MPH)
|
| Bottom of the 3rd over - 0 runs, 1 hit, 0 errors, 3 left on base; Boston (APP) 1 - Greeneville 2 |
| TOP OF THE 4TH |
|
Boston (APP) Red Sox batting - Pitching for Greeneville Astros : LHP Guadalupe Gonzalez
|
|
Batting: RHB Josh Smith
|
0-0: Ball 1-0: Called Strike 1-1: Ball 2-1: Called Strike 2-2: Ball 3-2: Strikes out swinging
|
|
Batting: RHB Joe Booth
|
0-0: Called Strike 0-1: Swinging Strike 0-2: Strikes out looking
|
|
Batting: RHB Bakhtiar Asadov
|
0-0: Ball 1-0: Fly out, F8 (Flyball, 8LD, EV 82.5 MPH)
|
| Top of the 4th over - 0 runs, 0 hits, 0 errors, 0 left on base; Boston (APP) 1 - Greeneville 2 |
| BOTTOM OF THE 4TH |
|
Greeneville Astros batting - Pitching for Boston (APP) Red Sox : LHP Tara Kawashima
|
|
Batting: RHB Josh Reisner
|
0-0: Swinging Strike 0-1: Ground out 4-3 (Groundball, 4, EV 107.5 MPH)
|
|
Batting: LHB Guadalupe Gonzalez
|
0-0: Foul Ball, location: 2F 0-1: Ball 1-1: Ball 2-1: DOUBLE (Flyball, 78XD, EV 103.8 MPH)
|
|
Batting: RHB Domingas Saragoa
|
0-0: Ball 1-0: Ground out 6-3 (Groundball, 6, EV 76.2 MPH) Guadalupe Gonzalez to third
|
|
Batting: LHB Lou Toth
|
0-0: Called Strike 0-1: Ball 1-1: Ground out 4-3 (Groundball, 4, EV 81.9 MPH)
|
| Bottom of the 4th over - 0 runs, 1 hit, 0 errors, 1 left on base; Boston (APP) 1 - Greeneville 2 |
| TOP OF THE 5TH |
|
Boston (APP) Red Sox batting - Pitching for Greeneville Astros : LHP Guadalupe Gonzalez
|
|
Batting: RHB Felix Rangel
|
0-0: Foul Ball, location: 2F 0-1: Foul Ball, location: 2F 0-2: Strikes out looking
|
|
Batting: SHB Matsudaira Ikeda
|
0-0: Reached on error, E4 (Groundball, 4, EV 101.9 MPH)
|
|
Batting: RHB Eric Kent
|
0-0: Ball 1-0: Ball 2-0: Called Strike 2-1: Called Strike 2-2: Foul Ball, location: 2F 2-2: Fielders Choice at 2nd, 5-4 (Groundball, 56, EV 86.9 MPH)
|
|
Batting: RHB Estevan Carrillo
|
0-0: Foul Ball, location: 2F 0-1: Ball 1-1: Ball 2-1: Ground out 4-3 (Groundball, 34, EV 87.5 MPH)
|
| Top of the 5th over - 0 runs, 0 hits, 1 error, 1 left on base; Boston (APP) 1 - Greeneville 2 |
| BOTTOM OF THE 5TH |
|
Greeneville Astros batting - Pitching for Boston (APP) Red Sox : LHP Tara Kawashima
|
|
Batting: RHB John Moore
|
0-0: Ball 1-0: Called Strike 1-1: Ball 2-1: Ground out 4-3 (Groundball, 4, EV 109.4 MPH)
|
|
Batting: RHB Juan Mendoza
|
0-0: Ball 1-0: Foul Ball, location: 2F 1-1: Ball 2-1: Ground out 5-3 (Groundball, 56, EV 82.5 MPH)
|
|
Batting: RHB Jason Monico
|
0-0: Called Strike 0-1: Ball 1-1: Foul Ball, location: 2F 1-2: Foul Ball, location: 2F 1-2: Ball 2-2: Ground out 5-3 (Groundball, 56, EV 85.0 MPH)
|
| Bottom of the 5th over - 0 runs, 0 hits, 0 errors, 0 left on base; Boston (APP) 1 - Greeneville 2 |
| TOP OF THE 6TH |
|
Boston (APP) Red Sox batting - Pitching for Greeneville Astros : LHP Guadalupe Gonzalez
|
|
Batting: RHB Kirk Cully
|
0-0: Ball 1-0: Ball 2-0: Ground out U3 (Groundball, 34, EV 108.1 MPH)
|
|
Batting: LHB Kien-lung Zou
|
0-0: Called Strike 0-1: SINGLE (Groundball, 4MD, EV 108.8 MPH)
|
|
Batting: RHB Josh Smith
|
0-0: Ball 1-0: Swinging Strike 1-1: Called Strike 1-2: Fielders Choice at 2nd, 5-4 (Groundball, 56, EV 105.6 MPH)
|
|
Pitching: RHP Steve Kelly
|
|
|
Batting: RHB Joe Booth
|
0-0: Called Strike 0-1: Called Strike 0-2: Foul Ball, location: 2F 0-2: Ball 1-2: Fly out, F9 (Flyball, 9, EV 86.2 MPH)
|
| Top of the 6th over - 0 runs, 1 hit, 0 errors, 1 left on base; Boston (APP) 1 - Greeneville 2 |
| BOTTOM OF THE 6TH |
|
Greeneville Astros batting - Pitching for Boston (APP) Red Sox : LHP Tara Kawashima
|
|
Pitching: RHP Du Kong
|
|
|
Batting: RHB Roger Pelley
|
0-0: Called Strike 0-1: SINGLE (Line Drive, 3D, EV 108.8 MPH)
|
|
Batting: SHB Terciero Ortiz
|
0-0: Ball 1-0: Ball 2-0: Foul Ball, location: 2F 2-1: Swinging Strike 2-2: Strikes out swinging
|
|
Batting: RHB Josh Reisner
|
0-0: Ball 1-0: Ball 2-0: Called Strike 2-1: Foul Ball, location: 2F 2-2: Foul Ball, location: 2F 2-2: DOUBLE (Line Drive, 7LS, EV 90.6 MPH) Roger Pelley to third Runner from 3rd tries for Home, SAFE, throw by LF to home
|
|
Batting: LHB Guadalupe Gonzalez
|
0-0: Ball 1-0: Ground out U3 (Groundball, 3, EV 90.0 MPH) Josh Reisner to third
|
|
Batting: RHB Domingas Saragoa
|
0-0: Ball 1-0: Swinging Strike 1-1: Ball 2-1: Ball 3-1: Fly out, F7 (Flyball, 7D, EV 88.8 MPH)
|
| Bottom of the 6th over - 1 run, 2 hits, 0 errors, 1 left on base; Boston (APP) 1 - Greeneville 3 |
| TOP OF THE 7TH |
|
Boston (APP) Red Sox batting - Pitching for Greeneville Astros : RHP Steve Kelly
|
|
Batting: RHB Bakhtiar Asadov
|
0-0: SOLO HOME RUN (Flyball, 7LD, EV 91.2 MPH), Distance : 343 ft
|
|
Pinch Hitting: LHB Javier Cajina
|
0-0: Ball 1-0: SINGLE (Groundball, 6S, EV 71.2 MPH) (infield hit)
|
|
Batting: SHB Matsudaira Ikeda
|
0-0: Bunted foul 0-1: Sac Bunt to 5S - play at first, batter OUT! 5-3 Javier Cajina to second
|
|
Pinch Hitting: LHB Stanislav Parusov
|
0-0: Ball 1-0: Ball 2-0: Ball 3-0: Base on Balls
|
|
Batting: RHB Estevan Carrillo
|
0-0: Called Strike 0-1: Ball 1-1: Called Strike 1-2: Fly out, F7 (Flyball, 7LM, EV 98.1 MPH)
|
|
Batting: RHB Kirk Cully
|
0-0: Foul Ball, location: 2F 0-1: Foul Ball, location: 2F 0-2: Strikes out swinging
|
| Top of the 7th over - 1 run, 2 hits, 0 errors, 2 left on base; Boston (APP) 2 - Greeneville 3 |
| BOTTOM OF THE 7TH |
|
Greeneville Astros batting - Pitching for Boston (APP) Red Sox : RHP Du Kong
|
|
Pitching: LHP Brad Victor
|
|
|
Now at 2B: Stanislav Parusov
|
|
|
Now in RF: Mike Hutcheson
|
|
|
Batting: LHB Lou Toth
|
0-0: Ground out 6-3 (Groundball, 6, EV 79.4 MPH)
|
|
Batting: RHB John Moore
|
0-0: Called Strike 0-1: Ground out 4-3 (Groundball, 4, EV 77.5 MPH)
|
|
Batting: RHB Juan Mendoza
|
0-0: Called Strike 0-1: Ball 1-1: Ball 2-1: Ground out U3 (Groundball, 3, EV 83.8 MPH)
|
| Bottom of the 7th over - 0 runs, 0 hits, 0 errors, 0 left on base; Boston (APP) 2 - Greeneville 3 |
| TOP OF THE 8TH |
|
Boston (APP) Red Sox batting - Pitching for Greeneville Astros : RHP Steve Kelly
|
|
Batting: LHB Kien-lung Zou
|
0-0: Ball 1-0: Called Strike 1-1: Ball 2-1: Fly out, F8 (Flyball, 8LM, EV 88.8 MPH)
|
|
Batting: RHB Josh Smith
|
0-0: Ball 1-0: Fly out, F8 (Flyball, 8LM, EV 88.8 MPH)
|
|
Batting: RHB Joe Booth
|
0-0: Ball 1-0: Foul Ball, location: 2F 1-1: Ball 2-1: Fly out, F8 (Flyball, 8LD, EV 87.5 MPH)
|
| Top of the 8th over - 0 runs, 0 hits, 0 errors, 0 left on base; Boston (APP) 2 - Greeneville 3 |
| BOTTOM OF THE 8TH |
|
Greeneville Astros batting - Pitching for Boston (APP) Red Sox : LHP Brad Victor
|
|
Batting: RHB Jason Monico
|
0-0: Called Strike 0-1: Ball 1-1: Foul Ball, location: 2F 1-2: Ground out 5-3 (Groundball, 56, EV 79.4 MPH)
|
|
Batting: RHB Roger Pelley
|
0-0: Foul Ball, location: 2F 0-1: Foul Ball, location: 2F 0-2: Ball 1-2: Strikes out swinging
|
|
Batting: SHB Terciero Ortiz
|
0-0: Ball 1-0: Ball 2-0: SOLO HOME RUN (Flyball, 7LD, EV 94.4 MPH), Distance : 345 ft
|
|
Batting: RHB Josh Reisner
|
0-0: Ball 1-0: Foul Ball, location: 2F 1-1: Called Strike 1-2: Strikes out looking
|
| Bottom of the 8th over - 1 run, 1 hit, 0 errors, 0 left on base; Boston (APP) 2 - Greeneville 4 |
| TOP OF THE 9TH |
|
Boston (APP) Red Sox batting - Pitching for Greeneville Astros : RHP Steve Kelly
|
|
Pitching: RHP Marty Jackson
|
|
|
Batting: RHB Bakhtiar Asadov
|
0-0: Ball 1-0: Ball 2-0: Reached on error, E6 (Groundball, 6M, EV 105.0 MPH)
|
|
Batting: LHB Mike Hutcheson
|
0-0: Ball 1-0: Called Strike 1-1: Ball 2-1: Ball 3-1: Base on Balls Bakhtiar Asadov to second
|
|
Batting: SHB Matsudaira Ikeda
|
0-0: Bunted foul 0-1: Sac Bunt to 23 - play at first, batter OUT! 3-4 Bakhtiar Asadov to third Mike Hutcheson to second
|
|
Batting: LHB Stanislav Parusov
|
0-0: Foul Ball, location: 2F 0-1: Ball 1-1: Foul Ball, location: 2F 1-2: Ground out 4-3 (Groundball, 4, EV 78.1 MPH) Bakhtiar Asadov scores Mike Hutcheson to third
|
|
Pinch Hitting: RHB Vladmiri Nugaibekov
|
0-0: Called Strike 0-1: Ball Wild Pitch! Mike Hutcheson scores 1-1: Swinging Strike 1-2: Ball 2-2: Foul Ball, location: 2F 2-2: Ball 3-2: Base on Balls
|
|
Batting: RHB Kirk Cully
|
0-0: Ball 1-0: SINGLE (Groundball, 6MS, EV 82.5 MPH) (infield hit) Vladmiri Nugaibekov to second
|
|
Batting: LHB Kien-lung Zou
|
0-0: Ball 1-0: Ball 2-0: Swinging Strike 2-1: Swinging Strike 2-2: Ball 3-2: Base on Balls Vladmiri Nugaibekov to third Kirk Cully to second
|
|
Batting: RHB Josh Smith
|
0-0: Ball 1-0: Ball 2-0: Foul Ball, location: 2F 2-1: Swinging Strike 2-2: Ball 3-2: Base on Balls Vladmiri Nugaibekov scores Kirk Cully to third Kien-lung Zou to second
|
|
Pitching: RHP Ernie Bell
|
|
|
Batting: RHB Joe Booth
|
0-0: Fielders Choice at 2nd, 6-4 (Groundball, 6, EV 78.8 MPH)
|
| Top of the 9th over - 3 runs, 1 hit, 1 error, 3 left on base; Boston (APP) 5 - Greeneville 4 |
| BOTTOM OF THE 9TH |
|
Greeneville Astros batting - Pitching for Boston (APP) Red Sox : LHP Brad Victor
|
|
Pitching: RHP Jose Duran
|
|
|
Now at 1B: Kenny Jackson
|
|
|
Batting: RHB Hugo Priego
|
0-0: Ball 1-0: Ball 2-0: Swinging Strike 2-1: Foul Ball, location: 2F 2-2: Ball 3-2: Strikes out looking
|
|
Pinch Hitting: RHB Keith Goodwin
|
0-0: Ball 1-0: Swinging Strike 1-1: Ground out 6-3 (Groundball, 6, EV 81.2 MPH)
|
|
Batting: LHB Lou Toth
|
0-0: Ball 1-0: Ball 2-0: Called Strike 2-1: Called Strike 2-2: Foul Ball, location: 2F 2-2: Strikes out swinging
|
| Bottom of the 9th over - 0 runs, 0 hits, 0 errors, 0 left on base; Boston (APP) 5 - Greeneville 4 |
|